 Dungeon Crawl Stone Soup version 0.24.0-2-g5b39cebb1c (webtiles) character file.

Game seed: 5953308806399065228, levelgen mode: deterministic

160 Masnef the Ruffian (level 5, 0/50 HPs)
             Began as an Ogre Warper on Oct 30, 2019.
             Killed by divine providence
             ... invoked by an orc priest
              (15 damage)
             ... on level 3 of the Dungeon.
             The game lasted 00:05:49 (2947 turns).

Masnef the Ruffian (Ogre Warper)                    Turns: 2947, Time: 00:05:50

Health: 0/50       AC:  4    Str: 12 (15) XL:     5   Next: 41%
Magic:  6/8        EV:  9    Int: 11 (14) God:
Gold:   133        SH:  0    Dex:  8 (9)  Spells: 4/8 levels left

rFire    + . .     SeeInvis .     - Unarmed
rCold    x . .     Gourm    .   (no shield)
rNeg     . . .     Faith    .   a - +0 robe
rPois    .         Spirit   .   (helmet restricted)
rElec    .         Reflect  .   p - +0 cloak
rCorr    .         Harm     .   (gloves unavailable)
MR       .....                  (boots unavailable)
Stlth    ++........             (no amulet)
HPRegen  0.16/turn              m - ring of stealth
MPRegen  0.11/turn              e - ring of fire

@: heavily drained
A: large, unfitting armour, tough skin 1
a: no special abilities


You were on level 3 of the Dungeon.
You were near starving.

You visited 1 branch of the dungeon, and saw 3 of its levels.

You collected 133 gold pieces.

Inventory:

Missiles
 d - 9 boomerangs of dispersal (quivered)
 g - 3 boomerangs
Armour
 a - a +0 robe (worn)
 p - a +0 cloak (worn)
Jewellery
 e - a ring of fire (right hand)
 m - a ring of stealth (left hand)
 t - an uncursed ring of fire
Scrolls
 c - 3 scrolls of blinking
 h - a scroll of teleportation
 i - a scroll of identify
 j - 2 scrolls of immolation {unknown}
 k - 2 scrolls of remove curse {unknown}
 l - a scroll of fog {unknown}
 n - a scroll of enchant armour {unknown}
 o - 2 scrolls of random uselessness {unknown}
Potions
 b - 2 potions of heal wounds
Comestibles
 f - 7 rations


   Skills:
 - Level 2.6(1.4) Fighting
 - Level 1.0(0.0) Throwing
 + Level 2.5(1.3) Dodging
 + Level 4.5(3.2) Unarmed Combat
 - Level 2.4(1.1) Spellcasting
 + Level 3.0(1.7) Translocations


You had 4 spell levels left.
You knew the following spells:

 Your Spells              Type           Power        Failure   Level  Hunger
a - Blink                 Tloc           N/A          24%         2    ###....
b - Shroud of Golubria    Chrm/Tloc      #.....       32%         2    ###....

Your spell library contained the following spells:

 Spells                   Type           Power        Failure   Level  Hunger
 Gell's Gravitas          Tloc           #.........   43%         3    ####...
 Lesser Beckoning         Tloc           #.........   43%         3    ####...
 Teleport Other           Tloc           #.......     43%         3    ####...
 Passage of Golubria      Tloc           N/A          83%         4    #####..


Dungeon Overview and Level Annotations

Branches:
Dungeon (3/15)

Altars:
Uskayaw


Innate Abilities, Weirdness & Mutations

You are too large for most types of armour.
You have tough skin. (AC +1)


Message History

Confirm with . or Enter, or press ? or * to list all spells.
Space distorts slightly along a thin shroud covering your body.
The orc closely misses you. The orc hits you but does no damage.
The orc hits you.
You closely miss the orc priest.
The orc priest is heavily wounded.
The orc priest closely misses you. The orc barely misses you. x2
You barely miss the orc priest.
The orc priest is heavily wounded.
The orc hits you. The orc priest closely misses you.
The orc hits you with a +0 flail.
* * * LOW HITPOINT WARNING * * *
Your shroud falls apart!
The orc hits you but does no damage.
You closely miss the orc priest.
The orc priest is heavily wounded.
The orc closely misses you.
The orc priest calls down the wrath of Beogh upon you.
Beogh smites you!
You die...

♣...♣...♣...♣.).......
#...♣...♣...♣...........
#..♣♣♣.♣♣♣.♣♣♣.....)....
#...♣...♣...♣.##.##)####
##.#..♣...♣..# #.##(# #
# #.♣♣♣.♣♣♣. #.##÷# #
#.##.♣..(♣. #.##.####
#.(.....+..# #........
####.o@.#..####.#######
#.ooo#..............
#....#...###>.......
#....#...# ########.
#....#..[# #....#...#
#....#...# ## #..^.....#
#. ##...# #.


You could see an orc priest and 3 orcs.

Vanquished Creatures
  An orc priest (D:3)
  An adder (D:2)
  A gnoll (D:1)
  An ooze (D:1)
  3 worms
  4 dart slugs
  2 leopard geckos
  18 orcs (D:3)
  5 giant cockroaches
  4 goblins
  4 hobgoblins (D:2)
  3 jackals (D:3)
  8 kobolds
  6 bats
  7 frilled lizards
  4 rats
72 creatures vanquished.

Notes
Turn   | Place    | Note
-------+----------+-------------------------------------------
     0 | D:1      | Masnef the Ogre Warper began the quest for the Orb.
     0 | D:1      | Reached XP level 1. HP: 22/22 MP: 3/3
    54 | D:1      | Reached skill level 2 in Unarmed Combat
   139 | D:1      | Reached XP level 2. HP: 27/29 MP: 5/5
   486 | D:1      | Reached skill level 3 in Unarmed Combat
   498 | D:1      | Reached XP level 3. HP: 22/36 MP: 6/6
   617 | D:1      | Learned a level 2 spell: Blink
   620 | D:1      | Learned a level 2 spell: Shroud of Golubria
  1585 | D:2      | Reached XP level 4. HP: 43/44 MP: 3/7
  1957 | D:3      | Found a hide-covered altar of Uskayaw.
  1997 | D:3      | Reached skill level 4 in Unarmed Combat
  2557 | D:3      | Noticed a bullfrog
  2559 | D:3      | Reached XP level 5. HP: 45/50 MP: 3/8
  2947 | D:3      | Killed from afar by an orc priest

Levels and vault maps discovered:
D:1:      lightli_arrival_flooded_house, layout_loops_ring, minmay_heptomino_l4
D:2:      layout_basic, first_ration
D:3:      layout_basic, eat_drink_and_be_merry_uskayaw,
          nicolae_overflow_hidden_temple, fedhas_ov_isle_minmay,
          kennysheep_doodads, nrook_mini_backslash

Skill      XL: |  1  2  3  4  5 |
---------------+----------------+-----
Unarmed Combat | 2 3 4 |  4.5
Translocations | 3 |  3.0
Fighting       | |  2.6
Throwing       | |  1.0
Dodging        | |  2.5
Spellcasting   | |  2.4

Action                   |  1- 3 |  4- 6 || total
-------------------------+-------+-------++-------
Melee: Unarmed           |   130 |   178 ||   308
       Punch             |     1 |     2 ||     3
 Cast: Shroud of Golubri |     4 |     9 ||    13
       Blink             |       |     1 ||     1
  Use: Scroll            |       |     2 ||     2
       Potion            |       |     6 ||     6
 Stab: Sleeping          |     4 |     1 ||     5
  Eat: Chunk             |     2 |     4 ||     6
Armor: Robe              |    34 |    54 ||    88
Dodge: Dodged            |    51 |   102 ||   153
